 Dungeon Crawl Stone Soup version 0.23-b1-6-ga921848b48 (webtiles) character file.

Game seed: 3284198588744143899

17 DildoBatman the Magician (level 2, 0/19 HPs)
             Began as a Formicid Wizard on Feb 2, 2019.
             Slain by an ooze (4 damage)
             ... on level 2 of the Dungeon.
             The game lasted 00:02:21 (813 turns).

DildoBatman the Magician (Formicid Wizard)           Turns: 813, Time: 00:02:21

Health: 0/19       AC:  2    Str: 11    XL:     2   Next: 80%
Magic:  0/6        EV: 12    Int: 17    God:
Gold:   48         SH:  0    Dex:  9    Spells: 6/7 levels left

rFire    . . .     SeeInvis +   (no weapon)
rCold    . . .     Gourm    .   (no shield)
rNeg     . . .     Faith    .   a - +0 robe
rPois    .         Spirit   .   (helmet unavailable)
rElec    .         Reflect  .   (no cloak)
rCorr    .         Harm     .   (no gloves)
MR       .....                  (no boots)
Stlth    ++........             (no amulet)
HPRegen  0.06/turn              (no ring)
MPRegen  0.10/turn              (no ring)

@: no status effects
A: permanent stasis, dig shafts and tunnels, four strong arms, antennae 3
a: Dig, Shaft Self


You were on level 2 of the Dungeon.
You were not hungry.

You visited 1 branch of the dungeon, and saw 2 of its levels.

You collected 48 gold pieces.

Inventory:

Missiles
 b - 60 stones (quivered)
 c - 19 sling bullets
 i - 11 bolts
Armour
 a - a +0 robe (worn)
 e - a +0 large shield
Scrolls
 d - a scroll of teleportation {unknown}
 g - a scroll of immolation {unknown}
 k - a scroll of enchant weapon {unknown}
Potions
 h - a potion of might {unknown}
 j - a potion of degeneration {unknown}
Comestibles
 f - a chunk of flesh
 v - 2 rations


   Skills:
 - Level 1.7 Dodging
 - Level 2.4 Stealth
 - Level 3.2 Spellcasting
 * Level 2.3 Conjurations
   Level 1.0 Summonings
   Level 0.8 Translocations


You had 6 spell levels left.
You knew the following spells:

 Your Spells              Type           Power        Failure   Level  Hunger
c - Magic Dart            Conj           ##..         7%          1    None

Your spell library contained the following spells:

 Spells                   Type           Power        Failure   Level  Hunger
 Call Imp                 Summ           #.......     17%         2    ##.....
 Slow                     Hex            #.......     26%         2    ##.....
 Conjure Flame            Conj/Fire      #.......     32%         3    ###....
 Mephitic Cloud           Conj/Pois/Air  #.......     36%         3    ###....
 Blink                    Tloc           Unusable     N/A         2    N/A

Dungeon Overview and Level Annotations

Branches:
Dungeon (2/15)

Altars:


Innate Abilities, Weirdness & Mutations

You cannot be hasted, slowed, berserked, paralysed or teleported.
You can dig through walls and to a lower floor.
Your four strong arms can wield two-handed weapons with a shield.
You have a pair of large antennae on your head. (SInv)


Message History

Your magical contamination has completely faded away.
The ooze barely misses you.
Found a scroll labeled ONEAP ALIU.
Casting: Magic Dart (safe; 7% risk of failure)
Confirm with . or Enter, or press ? or * to list all spells.
Aiming: Magic Dart (safe; 7% risk of failure)
Press: ? - help, Shift-Dir - straight line, f/p - ooze
Aim: an ooze (severely wounded)
The magic dart hits the ooze.
The ooze is almost dead.
The ooze hits you.
Casting: Magic Dart (safe; 7% risk of failure)
Confirm with . or Enter, or press ? or * to list all spells.
Aiming: Magic Dart (safe; 7% risk of failure)
Press: ? - help, Shift-Dir - straight line, f/p - ooze
Aim: an ooze (almost dead)
The magic dart hits the ooze but does no damage.
The ooze is almost dead.
The ooze hits you.
You die...

######..<.####.#
#.#..# #.#
#.#..# #.#
#.#..# #.#
#.#..# #.#
#.#..# #.#
#.#<.# #.#
#..####.###### #
#..@J........#.#
#.#####........
#.##########.#.
#............# {
###########..#
..... ...###
..$.. ..l#.#


You could see an ooze.

Vanquished Creatures
  A dart slug (D:1)
  2 leopard geckos (D:1)
  3 bats (D:1)
  A hobgoblin (D:1)
  A ball python (D:1)
  2 frilled lizards (D:1)
  2 kobolds (D:1)
  2 rats (D:1)
14 creatures vanquished.

Notes
Turn   | Place    | Note
-------+----------+-------------------------------------------
     0 | D:1      | DildoBatman the Formicid Wizard began the quest for the
                  | Orb.
     0 | D:1      | Reached XP level 1. HP: 13/13 MP: 4/4
   159 | D:1      | Reached skill level 1 in Conjurations
   360 | D:1      | Reached XP level 2. HP: 19/19 MP: 0/6
   813 | D:2      | Slain by an ooze

Skill      XL: |  1  2 |
---------------+-------+-----
Conjurations   | 1 2 |  2.3
Dodging        | |  1.7
Stealth        | |  2.4
Spellcasting   | |  3.2
Summonings     | |  1.0
Translocations | |  0.8

Action                   || total
-------------------------++-------
Melee: Unarmed           ||    17
 Cast: Magic Dart        ||    43
Armor: Robe              ||     5
Dodge: Dodged            ||    13
